 Dungeon Crawl Stone Soup version 0.25-a0-185-g6cfeca75b2 (webtiles) character file.

Game seed: 10692673962135229894, levelgen mode: deterministic

84 MrRokkomies the Skirmisher (level 4, -1/40 HPs)
             Began as a Ghoul Monk on Nov 28, 2019.
             Slain by a gnoll
             ... wielding a +0 spear
              (9 damage)
             ... on level 2 of the Dungeon.
             The game lasted 00:03:16 (1000 turns).

MrRokkomies the Skirmisher (Ghoul Monk)             Turns: 1000, Time: 00:03:17

Health: -1/40      AC:  5    Str: 15    XL:     4   Next: 45%
Magic:  3/3        EV: 11    Int:  5    God:
Gold:   53         SH:  0    Dex: 11    Spells: 3/3 levels left

rFire    . . .     SeeInvis .     - Unarmed
rCold    + . .     Gourm    .   (no shield)
rNeg     + + +     Faith    .   e - +0 ring mail
rPois    ∞         Spirit   .   (no helmet)
rElec    .         Reflect  .   (no cloak)
rCorr    .         Harm     .   (no gloves)
MR       .....                  (no boots)
Stlth    +.........             (no amulet)
HPRegen  0.00/turn              (no ring)
MPRegen  0.08/turn              (no ring)

@: rotting
A: rotting body, claws 1, carnivore, cold resistance 1, negative energy
resistance 3, inhibited regeneration, torment resistance, unbreathing
a: no special abilities


You were on level 2 of the Dungeon.
You were not hungry.

You visited 1 branch of the dungeon, and saw 2 of its levels.

You collected 53 gold pieces.

Inventory:

Missiles
 d - 14 poisoned darts (quivered)
 h - 2 atropa-tipped darts
 i - 2 boomerangs
Armour
 a - a +0 robe
 e - a +0 ring mail (worn)
Scrolls
 k - a scroll of blinking {unknown}
 l - a scroll of fog {unknown}
Potions
 f - 3 potions of curing {unknown}
 g - a potion of heal wounds {unknown}
 j - a potion of haste {unknown}
Comestibles
 b - 6 rations
 c - 2 chunks of flesh


   Skills:
 * Level 4.2 Fighting
 + Level 1.0 Throwing
 - Level 3.1 Dodging
 - Level 2.1 Stealth
 * Level 4.2 Unarmed Combat


You had 3 spell levels left.
You didn't know any spells.
Your spell library was empty.

Dungeon Overview and Level Annotations

Branches:
Dungeon (2/15)

Altars:


Innate Abilities, Weirdness & Mutations

Your body is rotting away.
You thrive on raw meat.
You are immune to poison.
You have sharp fingernails.
You are carnivorous and can eat meat at any time.
Your flesh is cold resistant. (rC+)
You are immune to negative energy. (rN+++)
You do not regenerate when monsters are visible.
You are immune to unholy pain and torment.
You can survive without breathing.


Message History

Press: ? - help, Shift-Dir - straight line, f/p - gnoll
Aim: a gnoll, wielding a +0 halberd (heavily wounded, poisoned)
You throw a poisoned dart.
The poisoned dart closely misses the gnoll.
The gnoll barely misses you.
The gnoll hits you from afar with a +0 halberd!
Throwing (i - inventory. (/) - cycle)
d - 15 poisoned darts (quivered)
Press: ? - help, Shift-Dir - straight line, f/p - gnoll
Aim: a gnoll, wielding a +0 halberd (heavily wounded, poisoned)
You throw a poisoned dart. The poisoned dart hits the gnoll.
The gnoll looks even sicker.
The gnoll is heavily wounded.
The gnoll hits you from afar with a +0 spear.
* * * LOW HITPOINT WARNING * * *
The gnoll hits you from afar with a +0 halberd!
* * * LOW HITPOINT WARNING * * *
Eat one of 3 chunks of flesh? (ye/n/q)
You eat one of the 3 chunks of flesh.
This raw flesh tastes great!
The gnoll hits you from afar with a +0 spear!
You die...

#. ####.## #.....#
#.....####### # #
###....... ... .# ..
.........# #.##.#.##
#......###g(.....#
#.....@)gg..#
##.########## #.# #.#
##'## ### ### ##...## #
..# #.. ##.....## #. # #.#
#.# ##.......## #..#.#.#
#.#
#.........####....#.####.#


You could see 3 gnolls.

Vanquished Creatures
  A gnoll (D:2)
  2 adders (D:2)
  An ooze (D:1)
  5 leopard geckos
  2 bats
  2 giant cockroaches
  8 goblins
  7 hobgoblins
  A quokka (D:2)
  5 frilled lizards
  3 kobolds
  7 rats
44 creatures vanquished.

Notes
Turn   | Place    | Note
-------+----------+-------------------------------------------
     0 | D:1      | MrRokkomies the Ghoul Monk began the quest for the Orb.
     0 | D:1      | Reached XP level 1. HP: 19/19 MP: 0/0
    77 | D:1      | Reached XP level 2. HP: 24/26 MP: 1/1
   213 | D:1      | Reached XP level 3. HP: 32/33 MP: 2/2
   664 | D:2      | Reached XP level 4. HP: 40/40 MP: 3/3
   915 | D:2      | Reached skill level 1 in Throwing
   999 | D:2      | HP: 2/40 [gnoll/+0 halberd (7)]
  1000 | D:2      | Slain by a gnoll

Levels and vault maps discovered:
D:1:      tarquinn_simple_flora_water_c, layout_rooms, minmay_fountain_box,
          minmay_pentomino_q4
D:2:      layout_loops_corners, minmay_small_reverse_x

Skill      XL: |  1  2  3  4 |
---------------+-------------+-----
Dodging        | 3 |  3.1
Fighting       | 4 |  4.2
Unarmed Combat | 4 |  4.2
Throwing       | 1 |  1.0
Stealth        | |  2.1

Action                   |  1- 3 |  4- 6 || total
-------------------------+-------+-------++-------
Melee: Unarmed           |    99 |    46 ||   145
       Punch             |     1 |       ||     1
Throw: Dart              |       |     3 ||     3
       Boomerang         |       |     1 ||     1
  Use: Scroll            |     2 |       ||     2
  Eat: Chunk             |       |     7 ||     7
Armor: Robe              |     3 |       ||     3
       Ring mail         |    26 |    10 ||    36
Dodge: Dodged            |    42 |    33 ||    75

Table legend:
 A = Non-vault XP
 B = Vault XP
 C = Vault XP percentage of total XP
 D = Non-vault monster count
 E = Vault monster count
 F = Vault count percentage of total count
                 A         B        C        D         E       F
            +---------+---------+-------+---------+---------+-------
      Total |      98 |      22 |  18.3 |      39 |       5 |  11.4
            +---------+---------+-------+---------+---------+-------
        D:1 |      45 |       1 |   2.2 |      22 |       1 |   4.3
        D:2 |      53 |      21 |  28.4 |      17 |       4 |  19.0
            +---------+---------+-------+---------+---------+-------
